[Event "European Online Club-ch-A 2021"]
[Site "Online"]
[Date "2021.03.27"]
[Round "1.7"]
[White "Timofeev, Artyom"]
[Black "Pribyl, Viktor"]
[Result "1-0"]
[ECO "D82"]
[WhiteElo "2594"]
[BlackElo "2208"]
[Annotator "ChessBase"]
[PlyCount "45"]
[EventDate "2021.03.27"]
[EventType "team-tourn"]
[EventCountry "NET"]
[SourceTitle "playchess.com"]
[Source "ChessBase"]
[SourceQuality "1"]
[TimeControl "900+5"]

1. d4 Nf6 2. c4 g6 3. Nc3 d5 4. Bf4 Bg7 5. e3 O-O 6. Rc1 dxc4 7. Bxc4 c5 8. dxc5 Qa5 9. Nge2 Qxc5 10. Qb3 Qb6 11. Qxb6 axb6 12. O-O Na6 13. Rfd1 Nh5 14. Bg5 Bf6 15. Bh6 Bg7 16. Bxg7 Nxg7 17. Nd5 e5 18. Nxb6 Rb8 19. Nc3 Nf5 20. Nb5 Kg7 21. Na7 Ne7 22. Naxc8 Nxc8 23. Nd7 1-0

[Event "European Online Club-ch-A 2021"]
[Site "Online"]
[Date "2021.03.27"]
[Round "1.8"]
[White "Brozka, Karel"]
[Black "Sharafiev, Azat"]
[Result "0-1"]
[ECO "E92"]
[WhiteElo "2080"]
[BlackElo "2432"]
[Annotator "NA"]
[PlyCount "76"]
[EventDate "2021.03.27"]
[EventType "team-tourn"]
[EventCountry "NET"]
[SourceTitle "playchess.com"]
[Source "ChessBase"]
[SourceQuality "1"]
[TimeControl "900+5"]

1. d4 Nf6 2. c4 g6 3. Nc3 Bg7 4. Nf3 O-O 5. e4 d6 6. Be2 e5 7. dxe5 dxe5 8. Qxd8 Rxd8 9. Bg5 c6 10. O-O Bg4 11. Rfd1 Nbd7 12. b4 Nf8 13. Be3 Rxd1+ 14. Rxd1 Ne6 15. c5 a5 16. b5 Bxf3 17. gxf3 Nd4 18. Bxd4 exd4 19. Rxd4 Nh5 20. Rc4 Nf4 21. Kf1 Bxc3 22. Rxc3 Nxe2 23. Kxe2 cxb5 24. Rb3 b4 25. Kd3 Rd8+ 26. Kc4 Rd2 27. Kb5 Rxa2 28. Kb6 Rc2 29. Kb5 Kg7 30. f4 Kf6 31. Kb6 Rc3 32. Rb1 b3 33. Kxb7 a4 34. c6 a3 35. e5+ Kg7 36. c7 a2 37. Ra1 b2 38. Rxa2 b1=Q+ 0-1

[Event "European Online Club-ch-A 2021"]
[Site "Online"]
[Date "2021.03.27"]
[Round "1.9"]
[White "Deac, Bogdan-Daniel"]
[Black "Celik, Hasan Huseyin"]
[Result "1-0"]
[ECO "D45"]
[WhiteElo "2625"]
[BlackElo "2173"]
[Annotator "ChessBase"]
[PlyCount "129"]
[EventDate "2021.03.27"]
[EventType "team-tourn"]
[EventCountry "NET"]
[SourceTitle "playchess.com"]
[Source "ChessBase"]
[SourceQuality "1"]
[TimeControl "900+5"]

1. Nf3 d5 2. e3 Nf6 3. c4 c6 4. Nc3 e6 5. b3 Bd6 6. Bb2 O-O 7. d4 Nbd7 8. Be2 Qe7 9. O-O b6 10. Qc2 Bb7 11. Rad1 Rac8 12. Rfe1 e5 13. dxe5 Nxe5 14. Nd4 Bb8 15. Nf5 Qe6 16. f4 Ng6 17. Bf3 Rfe8 18. Qd3 dxc4 19. bxc4 Ba6 20. Nxg7 Kxg7 21. Ne4 Ne5 22. fxe5 Bxe5 23. Bxe5 Qxe5 24. Nd6 Red8 25. Qa3 Rb8 26. Rd2 Qe6 27. Red1 Bxc4 28. Nxc4 Rxd2 29. Nxd2 Rd8 30. Nf1 Rxd1 31. Bxd1 a5 32. Qc3 Kg8 33. Bb3 Qd6 34. Qd4 Qxd4 35. exd4 b5 36. Ne3 Ne4 37. Nd1 Kf8 38. Kf1 Ke7 39. Ke2 h6 40. Ke3 Nd6 41. Nc3 f5 42. Bc2 Kf6 43. Bd3 a4 44. Ne2 b4 45. Bc2 Nc4+ 46. Kd3 Nb2+ 47. Kd2 Kg5 48. Kc1 a3 49. Ng3 f4 50. Ne4+ Kg4 51. Nc5 Nc4 52. Bd1+ Kf5 53. Bf3 Na5 54. Kc2 Kf6 55. Nd3 b3+ 56. axb3 a2 57. Kb2 Nxb3 58. Kxa2 Nxd4 59. Nxf4 Kf5 60. Ne2 Nxe2 61. Bxe2 Kf4 62. Kb3 Ke3 63. Bf3 Kf2 64. Bxc6 h5 65. h3 1-0

[Event "European Online Club-ch-A 2021"]
[Site "Online"]
[Date "2021.03.27"]
[Round "1.10"]
[White "Durak, Can"]
[Black "Istratescu, Andrei"]
[Result "1/2-1/2"]
[ECO "E21"]
[WhiteElo "2187"]
[BlackElo "2553"]
[Annotator "ChessBase"]
[PlyCount "115"]
[EventDate "2021.03.27"]
[EventType "team-tourn"]
[EventCountry "NET"]
[SourceTitle "playchess.com"]
[Source "ChessBase"]
[SourceQuality "1"]
[TimeControl "900+5"]

1. d4 Nf6 2. c4 e6 3. Nc3 Bb4 4. e3 b6 5. Bd2 Bb7 6. Nf3 O-O 7. Be2 d6 8. O-O Nbd7 9. Rc1 Bxc3 10. Bxc3 Ne4 11. Be1 f5 12. Nd2 Nxd2 13. Bxd2 a5 14. Bf3 Bxf3 15. Qxf3 Nf6 16. Qe2 Qe7 17. Rfd1 e5 18. dxe5 Qxe5 19. Bc3 Qe6 20. Bxf6 Rxf6 21. Rd4 Re8 22. Qf3 Rf7 23. h3 h6 24. Qc6 Ree7 25. Rcd1 Qd7 26. Qxd7 Rxd7 27. g3 Rde7 28. Kg2 g6 29. Kf3 Kg7 30. b3 Re5 31. Rd5 Kf6 32. Rxe5 Kxe5 33. Rd5+ Ke6 34. h4 Rf8 35. Kf4 Rg8 36. e4 fxe4 37. Kxe4 Rf8 38. f4 c6 39. Rd1 h5 40. Kf3 Rd8 41. g4 hxg4+ 42. Kxg4 Kf6 43. Rf1 d5 44. f5 dxc4 45. fxg6+ Kxg6 46. bxc4 Rd2 47. h5+ Kg7 48. h6+ Kg6 49. h7 Kxh7 50. Rf6 Rxa2 51. Rxc6 Rb2 52. c5 bxc5 53. Rxc5 a4 54. Ra5 Kg6 55. Ra6+ Kf7 56. Rxa4 Ke6 57. Re4+ Kd5 58. Re8 1/2-1/2

[Event "European Online Club-ch-A 2021"]
[Site "Online"]
[Date "2021.03.27"]
[Round "1.11"]
[White "Marin, Mihail"]
[Black "Gurel, Ediz"]
[Result "1/2-1/2"]
[ECO "D05"]
[WhiteElo "2502"]
[BlackElo "2168"]
[Annotator "ChessBase"]
[PlyCount "94"]
[EventDate "2021.03.27"]
[EventType "team-tourn"]
[EventCountry "NET"]
[SourceTitle "playchess.com"]
[Source "ChessBase"]
[SourceQuality "1"]
[TimeControl "900+5"]

1. d4 Nf6 2. Nf3 e6 3. e3 b6 4. Bd3 Bb7 5. O-O Be7 6. b3 O-O 7. Bb2 d5 8. Nbd2 c5 9. Ne5 Nbd7 10. f4 Ne4 11. Nxe4 dxe4 12. Bc4 cxd4 13. exd4 Nxe5 14. fxe5 Rc8 15. Be2 Rc7 16. c4 Rd7 17. Kh1 Bc5 18. d5 exd5 19. Bg4 Re7 20. Qe1 dxc4 21. Rd1 Qa8 22. b4 e3 23. bxc5 Bxg2+ 24. Kg1 Bxf1 25. Qxf1 bxc5 26. Qf4 Rd8 27. Qxe3 Rxd1+ 28. Bxd1 Qb8 29. Bc3 Qb1 30. Qd2 h6 31. Kf2 Qf5+ 32. Ke1 Rd7 33. Qb2 Rd3 34. Be2 Rh3 35. e6 Qxe6 36. Bxg7 Rxh2 37. Qb8+ Kxg7 38. Qxh2 Qe3 39. Qg2+ Kh7 40. Qb7 Qg1+ 41. Kd2 Qg5+ 42. Kd1 Qg1+ 43. Kc2 Qg6+ 44. Kd1 Qg1+ 45. Kc2 Qg6+ 46. Kc3 Qf6+ 47. Kc2 Qg6+ 1/2-1/2

[Event "European Online Club-ch-A 2021"]
[Site "Online"]
[Date "2021.03.27"]
[Round "1.12"]
[White "Emir, Doruk"]
[Black "Arkell, Keith C"]
[Result "1/2-1/2"]
[ECO "B17"]
[WhiteElo "1852"]
[BlackElo "2381"]
[Annotator "NA"]
[PlyCount "148"]
[EventDate "2021.03.27"]
[EventType "team-tourn"]
[EventCountry "NET"]
[SourceTitle "playchess.com"]
[Source "ChessBase"]
[SourceQuality "1"]
[TimeControl "900+5"]

1. e4 c6 2. d4 d5 3. Nd2 dxe4 4. Nxe4 Nd7 5. Nf3 Ngf6 6. Nxf6+ Nxf6 7. c3 Bg4 8. h3 Bxf3 9. Qxf3 e6 10. Bd3 Be7 11. O-O O-O 12. Bf4 a6 13. Rfe1 Rc8 14. Rad1 Qd5 15. Qxd5 Nxd5 16. Bg3 Rfd8 17. Be4 b5 18. Kf1 h6 19. Rd3 Bd6 20. Bxd6 Rxd6 21. Red1 g5 22. g3 Kg7 23. Ke2 Rd7 24. Bxd5 cxd5 25. Kd2 Rdc7 26. a3 Kg6 27. Kc2 a5 28. Kb3 Rc4 29. Kc2 b4 30. axb4 axb4 31. Ra1 bxc3 32. Rxc3 Rxc3+ 33. bxc3 h5 34. Ra7 g4 35. h4 Rb8 36. Kc1 Rh8 37. Kd2 Kg7 38. Kd3 Rb8 39. Kc2 Kg6 40. Kc1 f6 41. Ra6 Kf5 42. Kc2 Rb7 43. Kc1 Re7 44. Kd2 Rc7 45. Kc2 e5 46. dxe5 fxe5 47. Kd3 e4+ 48. Kd4 Rc4+ 49. Kxd5 Rxc3 50. Rh6 Rd3+ 51. Kc4 Rf3 52. Rxh5+ Kf6 53. Kd4 e3 54. fxe3 Rxg3 55. Rg5 Rg1 56. Ke4 g3 57. Kf3 Rh1 58. Kxg3 Re1 59. Kf4 Rh1 60. Rg4 Rf1+ 61. Ke4 Rh1 62. Rf4+ Ke6 63. Kf3 Rh3+ 64. Kg4 Rxe3 65. Kg5 Rg3+ 66. Kh6 Ke7 67. h5 Rg2 68. Kh7 Rg5 69. Kh6 Rg1 70. Kh7 Rg5 71. h6 Rg2 72. Kh8 Rg6 73. h7 Rg2 74. Rf7+ Kxf7 1/2-1/2

[Event "European Online Club-ch-A 2021"]
[Site "Online"]
[Date "2021.03.27"]
[Round "1.13"]
[White "Hera, Imre Jr."]
[Black "Valdes Escobar, Alvaro"]
[Result "1-0"]
[ECO "A24"]
[WhiteElo "2610"]
[BlackElo "2355"]
[Annotator "ChessBase"]
[PlyCount "67"]
[EventDate "2021.03.27"]
[EventType "team-tourn"]
[EventCountry "NET"]
[SourceTitle "playchess.com"]
[Source "ChessBase"]
[SourceQuality "1"]
[TimeControl "900+5"]

1. c4 Nf6 2. Nc3 c5 3. g3 Nc6 4. Bg2 g6 5. e3 Bg7 6. Nge2 O-O 7. O-O d6 8. d3 e5 9. a3 a5 10. Rb1 Be6 11. Nd5 Rb8 12. Nec3 Bd7 13. Nb5 Bc8 14. Bd2 Nxd5 15. cxd5 Ne7 16. b4 axb4 17. axb4 b6 18. Na7 Bf5 19. Qb3 Qc7 20. Nc6 Nxc6 21. dxc6 Be6 22. Bd5 Bxd5 23. Qxd5 Rbc8 24. b5 Ra8 25. Ra1 Kh8 26. Bc3 f5 27. Rxa8 Rxa8 28. Ra1 Rxa1+ 29. Bxa1 Bf6 30. f4 Kg7 31. fxe5 dxe5 32. Bc3 h5 33. Qa2 Kh6 34. Qe6 1-0

[Event "European Online Club-ch-A 2021"]
[Site "Online"]
[Date "2021.03.27"]
[Round "1.14"]
[White "Fitzsimons, David"]
[Black "Nemeth, Miklos"]
[Result "0-1"]
[ECO "C49"]
[WhiteElo "2324"]
[BlackElo "2488"]
[Annotator "ChessBase"]
[PlyCount "172"]
[EventDate "2021.03.27"]
[EventType "team-tourn"]
[EventCountry "NET"]
[SourceTitle "playchess.com"]
[Source "ChessBase"]
[SourceQuality "1"]
[TimeControl "900+5"]

1. e4 e5 2. Nf3 Nc6 3. Nc3 Nf6 4. Bb5 Bb4 5. O-O O-O 6. Bxc6 dxc6 7. d3 Bg4 8. h3 Bh5 9. Kh2 Re8 10. Rg1 Bxc3 11. bxc3 Nd7 12. g4 Bg6 13. h4 h5 14. Ng5 Nf6 15. gxh5 Bxh5 16. f3 Nh7 17. Qe1 Nf8 18. Qg3 g6 19. f4 Qd6 20. f5 c5 21. c4 Nd7 22. Bb2 Re7 23. Raf1 Rf8 24. Nf3 f6 25. fxg6 Rg7 26. Bc1 Rxg6 27. Qh3 Rxg1 28. Rxg1+ Kf7 29. Qf5 Bxf3 30. Qxf3 Rh8 31. h5 Nf8 32. Qg4 Ne6 33. Qg6+ Ke7 34. Bh6 Kd7 35. Qxf6 Rh7 36. Qg6 Qe7 37. Bg5 Qg7 38. Qxg7+ Nxg7 39. h6 Ne6 40. Be3 Ke7 41. Rg8 b6 42. Kg3 Kf6 43. Kg4 a5 44. Kh5 Kf7 45. Rc8 Kf6 46. c3 Ng7+ 47. Kg4 Ne6 48. Kh4 Kf7 49. a4 Kf6 50. Kh5 Ng7+ 51. Kg4 Ne6 52. Re8 Kf7 53. Rb8 Kf6 54. Rb7 Kf7 55. Kf5 Rh8 56. Kxe5 Ke7 57. d4 Kd7 58. d5 Nd8 59. Ra7 Nf7+ 60. Kf6 Nxh6 61. Kg7 Re8 62. Bxh6 Rxe4 63. Kf6 Rxc4 64. Kf5 Kd6 65. Bf4+ Kxd5 66. Rxc7 Rxa4 67. Be5 b5 68. Rd7+ Kc4 69. Rh7 b4 70. Rh4+ Kb3 71. c4 Ra2 72. Rh3+ Kxc4 73. Rh4+ Kb5 74. Ke6 Rd2 75. Rh8 a4 76. Rb8+ Kc4 77. Rc8 a3 78. Bd6 Rxd6+ 79. Kxd6 a2 80. Ra8 b3 81. Ra4+ Kb5 82. Ra8 b2 83. Rb8+ Kc4 84. Rxb2 a1=Q 85. Rc2+ Kd4 86. Rd2+ Kc3 0-1

[Event "European Online Club-ch-A 2021"]
[Site "Online"]
[Date "2021.03.27"]
[Round "1.15"]
[White "Kovacs, Gabor"]
[Black "Pein, Malcolm"]
[Result "1/2-1/2"]
[ECO "A30"]
[WhiteElo "2455"]
[BlackElo "2309"]
[Annotator "ChessBase"]
[PlyCount "63"]
[EventDate "2021.03.27"]
[EventType "team-tourn"]
[EventCountry "NET"]
[SourceTitle "playchess.com"]
[Source "ChessBase"]
[SourceQuality "1"]
[TimeControl "900+5"]

1. c4 Nf6 2. Nf3 b6 3. g3 Bb7 4. Bg2 e6 5. O-O Be7 6. Nc3 O-O 7. Re1 c5 8. e4 d6 9. d4 cxd4 10. Nxd4 Qc7 11. b3 a6 12. Be3 Nbd7 13. Rc1 Rac8 14. Qe2 Qb8 15. f3 Rfe8 16. g4 h6 17. f4 Nc5 18. Bf2 e5 19. fxe5 dxe5 20. Nf5 Ne6 21. Nxe7+ Rxe7 22. Nd5 Nxd5 23. cxd5 Nd4 24. Qd3 Rxc1 25. Rxc1 Rc7 26. Rd1 Rc3 27. Qf1 Bc8 28. h3 Rc2 29. Qd3 Rc3 30. Qf1 Rc2 31. Qd3 Rc3 32. Qf1 1/2-1/2

[Event "European Online Club-ch-A 2021"]
[Site "Online"]
[Date "2021.03.27"]
[Round "1.16"]
[White "Czopor, Maciej"]
[Black "Csonka, Attila Istvan"]
[Result "1/2-1/2"]
[ECO "B47"]
[WhiteElo "2239"]
[BlackElo "2362"]
[Annotator "NA"]
[PlyCount "74"]
[EventDate "2021.03.27"]
[EventType "team-tourn"]
[EventCountry "NET"]
[SourceTitle "playchess.com"]
[Source "ChessBase"]
[SourceQuality "1"]
[TimeControl "900+5"]

1. e4 c5 2. Nf3 e6 3. d4 cxd4 4. Nxd4 Nc6 5. Nc3 Qc7 6. Qd3 a6 7. Nxc6 dxc6 8. Qg3 Qxg3 9. hxg3 e5 10. Be3 Be6 11. O-O-O Nf6 12. f3 Nd7 13. Na4 b5 14. Nb6 Rd8 15. Be2 Bc5 16. Bxc5 Nxc5 17. b4 Nd7 18. Nxd7 Rxd7 19. a3 Rxd1+ 20. Rxd1 Ke7 21. c3 Rc8 22. Kb2 h6 23. a4 Rd8 24. Rxd8 Kxd8 25. a5 Ke7 26. Kc2 f6 27. Kd2 Kd6 28. Ke3 Bf7 29. f4 Be6 30. Bh5 Bc4 31. Bg6 Be6 32. Kf3 Ke7 33. Bh5 Kd6 34. Ke3 Ke7 35. Be2 Kd6 36. Bf3 Ke7 37. Be2 Kd6 1/2-1/2

[Event "European Online Club-ch-A 2021"]
[Site "Online"]
[Date "2021.03.27"]
[Round "1.17"]
[White "Jakubowski, Krzysztof"]
[Black "Zavgorodniy, Sergiy"]
[Result "1-0"]
[ECO "C41"]
[WhiteElo "2497"]
[BlackElo "2418"]
[Annotator "ChessBase"]
[PlyCount "105"]
[EventDate "2021.03.27"]
[EventType "team-tourn"]
[EventCountry "NET"]
[SourceTitle "playchess.com"]
[Source "ChessBase"]
[SourceQuality "1"]
[TimeControl "900+5"]

1. e4 e5 2. Nf3 d6 3. d4 exd4 4. Nxd4 Nf6 5. Nc3 Be7 6. Bc4 O-O 7. Bf4 c6 8. O-O b5 9. Bb3 Qc7 10. Re1 Nbd7 11. Nf5 Ne5 12. Nxe7+ Qxe7 13. h3 a5 14. a3 a4 15. Ba2 Be6 16. Bxe5 dxe5 17. Qe2 Nd7 18. Bxe6 Qxe6 19. Na2 Nb6 20. Nb4 Nc4 21. c3 Rfd8 22. Rad1 h5 23. h4 g6 24. g3 Kg7 25. Kg2 Rac8 26. Kg1 Qg4 27. Qxg4 hxg4 28. Rxd8 Rxd8 29. Nxc6 Rd2 30. Rb1 f6 31. Na7 Nxb2 32. Nxb5 Nd1 33. Rb4 Nxf2 34. Rxa4 f5 35. Ra7+ Kf8 36. exf5 gxf5 37. h5 f4 38. h6 Nh3+ 39. Kf1 f3 40. Ke1 Re2+ 41. Kd1 Nf2+ 42. Kc1 Nd3+ 43. Kd1 Rh2 44. h7 Nf2+ 45. Ke1 Ne4 46. Ra8+ Kg7 47. h8=Q+ Rxh8 48. Rxh8 Kxh8 49. a4 Nc5 50. a5 e4 51. Kf2 Nd3+ 52. Ke3 Ne5 53. Nd6 1-0

[Event "European Online Club-ch-A 2021"]
[Site "Online"]
[Date "2021.03.27"]
[Round "1.18"]
[White "Grinev, Valeriy"]
[Black "Schmidek, Emil"]
[Result "0-1"]
[ECO "E03"]
[WhiteElo "2441"]
[BlackElo "2402"]
[Annotator "NA"]
[PlyCount "94"]
[EventDate "2021.03.27"]
[EventType "team-tourn"]
[EventCountry "NET"]
[SourceTitle "playchess.com"]
[Source "ChessBase"]
[SourceQuality "1"]
[TimeControl "900+5"]

1. c4 e6 2. Nf3 Nf6 3. g3 d5 4. d4 dxc4 5. Qa4+ Nbd7 6. Bg2 a6 7. Qxc4 b5 8. Qc6 Rb8 9. Bf4 Nd5 10. Bg5 Be7 11. Bxe7 Qxe7 12. O-O Bb7 13. Qc2 c5 14. dxc5 Qxc5 15. Qd2 O-O 16. Rc1 Qb6 17. Nc3 N7f6 18. Nxd5 Bxd5 19. a3 Rfd8 20. Qf4 Bxf3 21. Bxf3 Qd4 22. Qxd4 Rxd4 23. b4 Nd7 24. Rc6 Nb6 25. Rac1 g6 26. R1c3 Kg7 27. e3 Rd2 28. Kf1 Ra2 29. Be2 Ra1+ 30. Kg2 Ra2 31. Bf1 h5 32. Rd6 Nd5 33. Rb3 Rb6 34. Rxb6 Nxb6 35. Bd3 Kf6 36. Kf3 Ke5 37. h4 Kd5 38. Rc3 Na4 39. Be4+ Ke5 40. Rc6 Nb2 41. Rxa6 Nd1 42. g4 hxg4+ 43. Kxg4 Nxf2+ 44. Kf3 Nxe4 45. Rb6 Kf5 46. Rxb5+ e5 47. Rb7 Rf2# 0-1

[Event "European Online Club-ch-A 2021"]
[Site "Online"]
[Date "2021.03.27"]
[Round "1.19"]
[White "Wintzer, Joachim"]
[Black "Mitusov, Semen"]
[Result "1-0"]
[ECO "D26"]
[WhiteElo "2274"]
[BlackElo "2297"]
[Annotator "NA"]
[PlyCount "85"]
[EventDate "2021.03.27"]
[EventType "team-tourn"]
[EventCountry "NET"]
[SourceTitle "playchess.com"]
[Source "ChessBase"]
[SourceQuality "1"]
[TimeControl "900+5"]

1. d4 d5 2. c4 dxc4 3. e3 Nf6 4. Bxc4 a6 5. Nf3 e6 6. O-O b5 7. Bd3 Bb7 8. a4 b4 9. Nbd2 a5 10. Nb3 Nbd7 11. Qe2 Ne4 12. Nfd2 Nxd2 13. Bxd2 Be7 14. Rac1 e5 15. e4 O-O 16. Be3 Bd6 17. d5 Qe7 18. Rc2 g6 19. Rfc1 f5 20. Nc5 fxe4 21. Bxe4 Nxc5 22. Bxc5 Rf7 23. f3 Qd7 24. Qb5 Qxb5 25. axb5 Rb8 26. Ra1 Ra8 27. Kf2 Rd7 28. Ke3 Kf7 29. b3 Bxc5+ 30. Rxc5 Ke7 31. h4 Ra7 32. g4 Kd6 33. Rac1 a4 34. bxa4 Rxa4 35. b6 Ra3+ 36. Kf2 b3 37. Rxc7 Ba6 38. Rxd7+ Kxd7 39. Rc7+ Kd6 40. Ra7 b2 41. b7 Kc7 42. d6+ Kb8 43. Ra8# 1-0

[Event "European Online Club-ch-A 2021"]
[Site "Online"]
[Date "2021.03.27"]
[Round "1.20"]
[White "Vovk, Orest"]
[Black "Noetzel, Felix"]
[Result "1-0"]
[ECO "A00"]
[WhiteElo "2315"]
[BlackElo "2263"]
[Annotator "NA"]
[PlyCount "77"]
[EventDate "2021.03.27"]
[EventType "team-tourn"]
[EventCountry "NET"]
[SourceTitle "playchess.com"]
[Source "ChessBase"]
[SourceQuality "1"]
[TimeControl "900+5"]

1. h3 d5 2. e4 dxe4 3. Nc3 Nf6 4. Qe2 Bd7 5. Nxe4 Nxe4 6. Qxe4 Bc6 7. Qe3 Nd7 8. Nf3 b6 9. d4 e6 10. Bd3 Be7 11. O-O O-O 12. Qe2 Bb7 13. Rd1 Bf6 14. Ne5 c5 15. Bb5 Nb8 16. dxc5 Qc7 17. Nd7 Nxd7 18. Rxd7 Qc8 19. cxb6 axb6 20. c3 Rd8 21. Rxd8+ Qxd8 22. Qd3 Qc7 23. Qd7 Qxd7 24. Bxd7 Bd5 25. a4 Bb3 26. Be3 Rd8 27. Bb5 Rd6 28. Be2 g6 29. Ra3 Bc2 30. b4 Kg7 31. a5 bxa5 32. bxa5 Be5 33. a6 Bd1 34. Bf1 Bc2 35. a7 Rd1 36. a8=Q Bd3 37. f4 Rxf1+ 38. Kh2 Bd6 39. Ra1 1-0

[Event "European Online Club-ch-A 2021"]
[Site "Online"]
[Date "2021.03.27"]
[Round "2.1"]
[White "Horvath, Laszlo"]
[Black "Zavgorodniy, Sergiy"]
[Result "0-1"]
[ECO "C41"]
[WhiteElo "2183"]
[BlackElo "2418"]
[Annotator "NA"]
[PlyCount "134"]
[EventDate "2021.03.27"]
[EventType "team-tourn"]
[EventCountry "NET"]
[SourceTitle "playchess.com"]
[Source "ChessBase"]
[SourceQuality "1"]
[TimeControl "900+5"]

1. e4 e5 2. Nf3 d6 3. d4 exd4 4. Nxd4 Nf6 5. f3 d5 6. exd5 Qxd5 7. Qe2+ Be7 8. Qb5+ Bd7 9. Qxd5 Nxd5 10. Nb3 Nc6 11. Bd2 Bf5 12. c3 O-O-O 13. Be2 Rhe8 14. Kf2 Ne5 15. f4 Nd3+ 16. Bxd3 Bxd3 17. Re1 Bd6 18. g3 Rxe1 19. Bxe1 Re8 20. N1d2 Re2+ 21. Kg1 c5 22. c4 Ne3 23. Bf2 Ng4 24. Rf1 b6 25. h3 Nf6 26. Rd1 Kc7 27. Nc1 Rxd2 28. Rxd2 Bxc4 29. b3 Be6 30. Nd3 Bxh3 31. Ne5 Bxe5 32. fxe5 Ne4 33. Re2 Nxf2 34. Kxf2 Be6 35. Ke3 h5 36. Kf4 a5 37. Kg5 g6 38. Rd2 b5 39. Kf4 b4 40. Ke4 Kc6 41. Rd8 a4 42. bxa4 Bxa2 43. a5 Be6 44. Rd6+ Kb7 45. Rb6+ Ka7 46. Rb5 b3 47. Kd3 c4+ 48. Kc3 g5 49. Rb6 h4 50. gxh4 gxh4 51. Rd6 h3 52. Rd2 Ka6 53. Kb4 c3 54. Kxc3 Kxa5 55. Rf2 Kb5 56. Re2 Kc5 57. Rd2 Bd5 58. Rf2 Kc6 59. Kb2 Kd7 60. Rh2 Bg2 61. Kxb3 Ke6 62. Kc3 Kxe5 63. Kd2 Kf4 64. Ke2 Kg3 65. Rh1 Bxh1 66. Kf1 Bg2+ 67. Kg1 h2# 0-1

[Event "European Online Club-ch-A 2021"]
[Site "Online"]
[Date "2021.03.27"]
[Round "2.2"]
[White "Grinev, Valeriy"]
[Black "Krieger, Markus"]
[Result "1-0"]
[ECO "E42"]
[WhiteElo "2441"]
[BlackElo "2050"]
[Annotator "NA"]
[PlyCount "71"]
[EventDate "2021.03.27"]
[EventType "team-tourn"]
[EventCountry "NET"]
[SourceTitle "playchess.com"]
[Source "ChessBase"]
[SourceQuality "1"]
[TimeControl "900+5"]

1. d4 Nf6 2. c4 e6 3. Nc3 Bb4 4. e3 c5 5. Nge2 b6 6. a3 Ba5 7. g3 Bb7 8. d5 exd5 9. Bg2 O-O 10. O-O Bxc3 11. Nxc3 Nc6 12. Nxd5 Nxd5 13. Bxd5 Qc7 14. Bd2 Ne7 15. Bxb7 Qxb7 16. e4 Rfe8 17. Re1 f5 18. e5 Rad8 19. Bc3 Qc6 20. Qh5 Qg6 21. Qf3 Nc6 22. Rad1 Re6 23. Rd5 Qf7 24. Red1 g6 25. Qe3 Qe8 26. f4 Ne7 27. R5d2 Nc8 28. Qf3 Qf7 29. b3 h6 30. h4 Qe8 31. Qb7 Re7 32. Qd5+ Qf7 33. b4 d6 34. bxc5 bxc5 35. exd6 Qxd5 36. dxe7 1-0

[Event "European Online Club-ch-A 2021"]
[Site "Online"]
[Date "2021.03.27"]
[Round "2.3"]
[White "Ferster, Fabian"]
[Black "Mitusov, Semen"]
[Result "0-1"]
[ECO "A29"]
[WhiteElo "2149"]
[BlackElo "2297"]
[Annotator "NA"]
[PlyCount "90"]
[EventDate "2021.03.27"]
[EventType "team-tourn"]
[EventCountry "NET"]
[SourceTitle "playchess.com"]
[Source "ChessBase"]
[SourceQuality "1"]
[TimeControl "900+5"]

1. c4 e5 2. Nf3 Nc6 3. Nc3 Nf6 4. g3 g6 5. d4 exd4 6. Nxd4 Bg7 7. Nc2 O-O 8. Bg2 d6 9. O-O h6 10. h3 Be6 11. Nd5 Kh7 12. Rb1 a5 13. Bf4 Re8 14. Kh2 Bf5 15. Nxf6+ Qxf6 16. Re1 g5 17. Bd2 Qg6 18. Ne3 Bxb1 19. Qxb1 Qxb1 20. Rxb1 Kg6 21. Kg1 f5 22. Kf1 Re7 23. Nd5 Rf7 24. g4 Re8 25. Ne3 fxg4 26. hxg4 Nd4 27. Bxb7 c6 28. Bxc6 Nxc6 29. Nf5 Rxf5 30. gxf5+ Kxf5 31. b4 axb4 32. Bxb4 Rb8 33. a3 Bc3 34. Rd1 Nxb4 35. axb4 Bxb4 36. Rd5+ Ke6 37. Kg2 Bc5 38. Rd2 Rf8 39. e3 Rb8 40. Kg3 Rb1 41. Rc2 Kf5 42. Kf3 h5 43. e4+ Ke6 44. Rd2 h4 45. Rd5 Rg1 0-1

[Event "European Online Club-ch-A 2021"]
[Site "Online"]
[Date "2021.03.27"]
[Round "2.4"]
[White "Vovk, Orest"]
[Black "Frick, Renato"]
[Result "1-0"]
[ECO "A00"]
[WhiteElo "2315"]
[BlackElo "1947"]
[Annotator "NA"]
[PlyCount "107"]
[EventDate "2021.03.27"]
[EventType "team-tourn"]
[EventCountry "NET"]
[SourceTitle "playchess.com"]
[Source "ChessBase"]
[SourceQuality "1"]
[TimeControl "900+5"]

1. g4 d5 2. h3 e5 3. Bg2 c6 4. d4 exd4 5. Qxd4 Qf6 6. Nf3 Nd7 7. Bf4 Bc5 8. Qxf6 Ngxf6 9. Nbd2 Nb6 10. e3 O-O 11. O-O-O Be6 12. Nd4 Rfe8 13. Nxe6 Rxe6 14. Nb3 Bf8 15. Nd4 Re7 16. Bg5 Nbd7 17. Nf5 Ree8 18. c4 g6 19. Ng3 dxc4 20. Rd4 h6 21. Bxf6 Nxf6 22. Rxc4 Rad8 23. Rd1 Rxd1+ 24. Kxd1 Rd8+ 25. Kc2 Nd5 26. Bxd5 Rxd5 27. Rd4 Bg7 28. Rxd5 cxd5 29. Ne2 Be5 30. f4 Bf6 31. Nc3 d4 32. Ne4 Bg7 33. exd4 Bxd4 34. f5 Kf8 35. b3 Ke7 36. Kd3 Bb2 37. Kc4 Ba3 38. Kd5 Bb4 39. a4 Ba3 40. Kc4 Kd7 41. b4 Ke7 42. a5 b6 43. a6 Bb2 44. Kd5 Kd7 45. Nd6 gxf5 46. gxf5 Bc3 47. Nxf7 Bxb4 48. Ne5+ Kc7 49. Nc6 Bf8 50. Nxa7 Kb8 51. Nb5 Ka8 52. Ke6 Bc5 53. f6 Kb8 54. Kd7 1-0

[Event "European Online Club-ch-A 2021"]
[Site "Online"]
[Date "2021.03.27"]
[Round "2.5"]
[White "Valdes Escobar, Alvaro"]
[Black "Jakubowski, Krzysztof"]
[Result "1-0"]
[ECO "A28"]
[WhiteElo "2355"]
[BlackElo "2497"]
[Annotator "ChessBase"]
[PlyCount "87"]
[EventDate "2021.03.27"]
[EventType "team-tourn"]
[EventCountry "NET"]
[SourceTitle "playchess.com"]
[Source "ChessBase"]
[SourceQuality "1"]
[TimeControl "900+5"]

1. c4 e5 2. Nc3 Nf6 3. Nf3 Nc6 4. e3 Bb4 5. Qc2 Bxc3 6. Qxc3 Qe7 7. d4 Ne4 8. Qd3 exd4 9. Nxd4 O-O 10. Be2 Qb4+ 11. Kf1 Qe7 12. f3 f5 13. g3 d6 14. Kg2 Nc5 15. Nxc6 bxc6 16. Qc2 a5 17. Re1 h5 18. Bd2 g5 19. Bd3 g4 20. fxg4 hxg4 21. e4 fxe4 22. Bxe4 Nxe4 23. Qxe4 Qxe4+ 24. Rxe4 c5 25. Kg1 a4 26. Rae1 Bf5 27. Re7 Rf7 28. Bc3 Bd3 29. Re8+ Rxe8 30. Rxe8+ Kh7 31. b3 Rf1+ 32. Kg2 Rc1 33. Ba5 Rc2+ 34. Kg1 a3 35. Re3 Bf5 36. b4 Rxa2 37. bxc5 dxc5 38. Re1 Rc2 39. Bxc7 a2 40. Be5 Rxc4 41. Kf2 Rb4 42. Ba1 Rb1 43. Bc3 Kg6 44. Ke2 1-0

[Event "European Online Club-ch-A 2021"]
[Site "Online"]
[Date "2021.03.27"]
[Round "2.6"]
[White "Schmidek, Emil"]
[Black "Fitzsimons, David"]
[Result "1-0"]
[ECO "B06"]
[WhiteElo "2402"]
[BlackElo "2324"]
[Annotator "NA"]
[PlyCount "105"]
[EventDate "2021.03.27"]
[EventType "team-tourn"]
[EventCountry "NET"]
[SourceTitle "playchess.com"]
[Source "ChessBase"]
[SourceQuality "1"]
[TimeControl "900+5"]

1. d4 g6 2. e4 Bg7 3. Nc3 d5 4. e5 f6 5. f4 Nh6 6. Nf3 Bg4 7. Be3 O-O 8. Be2 e6 9. exf6 Qxf6 10. Ne5 Bxe2 11. Qxe2 Nf5 12. Bf2 Qe7 13. O-O Nd7 14. Rae1 Nxe5 15. fxe5 b6 16. Nd1 c5 17. c3 cxd4 18. Bxd4 Rac8 19. Ne3 Nxd4 20. cxd4 Qb4 21. Rxf8+ Rxf8 22. Rd1 h5 23. Qc2 Bh6 24. Qxg6+ Bg7 25. Qxe6+ Kh7 26. Qxd5 Qxb2 27. Qe4+ Kh8 28. Qc2 Qa3 29. Nf5 b5 30. h3 a5 31. Nxg7 Kxg7 32. Qb3 Qxb3 33. axb3 a4 34. bxa4 bxa4 35. Ra1 Ra8 36. Ra3 Kg6 37. Kf2 Kf5 38. Ke3 h4 39. Kd3 Kf4 40. e6 Kf5 41. e7 Re8 42. Rxa4 Rxe7 43. d5 Rg7 44. Rg4 Rxg4 45. hxg4+ Kxg4 46. d6 Kg3 47. d7 Kxg2 48. d8=Q h3 49. Qg5+ Kh1 50. Qc1+ Kg2 51. Qd2+ Kh1 52. Qd1+ Kg2 53. Qg4+ 1-0